 Dungeon Crawl Stone Soup version 0.21-a0-360-g65c131b (webtiles) character file.

200538 GordonOverkill the Severer (level 18, -3/132 HPs)
             Began as a Minotaur Hunter on Oct 13, 2017.
             Was the Champion of Makhleb.
             Slain by a shadow wraith (4 damage)
             ... summoned by a lich
             ... on level 3 of the Abyss.
             The game lasted 01:23:28 (35532 turns).

GordonOverkill the Severer (Minotaur Hunter)       Turns: 35532, Time: 01:23:29

Health: -3/132     AC: 26    Str: 22      XL:     18   Next: 27%
Magic:  22/22      EV:  7    Int:  3 (4)  God:    Makhleb [******]
Gold:   2472       SH: 13    Dex: 11 (12) Spells: 6/17 levels left

rFire    + . .     SeeInvis .   b - +1 scimitar (flame)
rCold    + + .     Gourm    .   t - +0 shield
rNeg     . . .     Faith    .   V - +6 crystal plate armour of Death's Door {Str+3}
rPois    .         Spirit   .   q - +2 hat
rElec    .         Reflect  .   m - scarf {rC+ rF+}
rCorr    .         Harm     .   d - +0 pair of gloves
MR       +....     Rnd*Rage +   r - +2 pair of boots {Fly} Stlth ..........Rnd*Tele +
                                w - amulet of regeneration
HPRegen  0.00/turn              X - ring of protection from cold
MPRegen  0.18/turn              W - +3 ring of dexterity

@: flying, hasted and slowed, drained
A: retaliatory headbutt, horns 2, berserk 1, [clumsy 2], [deformed body],
[deterioration 2], [dopey 2], [frail 2], high mp 1, [low mp 3], [screaming 2],
[inhibited regeneration], [teleportitis 2], [weak 2], no potion heal 1[+2],
[MP-powered wands]
a: Minor Destruction, Lesser Servant of Makhleb, Major Destruction, Greater
Servant of Makhleb, Renounce Religion, Stop Flying


You were on level 3 of the Abyss.
You worshipped Makhleb.
Makhleb was exalted by your worship.
You were very hungry.

You visited 5 branches of the dungeon, and saw 28 of its levels.
You visited the Abyss 1 time.
You also visited: Sewer.

You collected 3010 gold pieces.
You spent 538 gold pieces at shops.

Inventory:

Hand Weapons
 a - a +7 broad axe of freezing
 b - a +1 scimitar of flaming (weapon)
Missiles
 c - 18 javelins
 R - 4 throwing nets (quivered)
Armour
 d - a +0 pair of gloves (worn)
 j - a +1 plate armour of poison resistance
 m - a scarf of resistance (worn)
 q - a +2 hat (worn)
 r - a +2 pair of boots of flying (worn)
 t - a +0 shield (worn)
 V - the +6 crystal plate armour of Death's Door (worn) {Str+3}
   (You took it off an orc on level 13 of the Dungeon)

   It affects your strength (+3).
Jewellery
 p - an uncursed ring of see invisible
 w - an amulet of regeneration (around neck)
 H - the ring of Accord {+Inv rN+ MR+++ Str-4 Dex+2}
   (You took it off a deep elf annihilator on level 13 of the Dungeon)

   [ring of positive energy]

   It affects your strength (-4).
   It affects your dexterity (+2).
   It protects you from negative energy.
   It affects your resistance to hostile enchantments.
   It lets you turn invisible.
 W - a +3 ring of dexterity (right hand)
 X - a ring of protection from cold (left hand)
Wands
 x - a wand of iceblast (8/15)
 z - a wand of scattershot (3/9)
 C - a wand of paralysis (17/24)
 I - a wand of acid (4/15)
 J - a wand of paralysis (12/24)
 L - a wand of flame (26/48)
 O - a wand of digging (7/24)
 P - a wand of paralysis (10/24)
Scrolls
 e - 2 scrolls of amnesia
 h - 11 scrolls of remove curse
 o - 2 scrolls of summoning
 y - 6 scrolls of fog
 A - 2 scrolls of recharging
 K - 7 scrolls of identify
 M - 5 scrolls of enchant armour
 Q - a scroll of fear
Potions
 g - 2 potions of cancellation
 k - 5 potions of mutation
 l - 3 potions of resistance
 s - 5 potions of lignification
 u - 8 potions of curing
 B - a potion of ambrosia
 D - 2 potions of brilliance
 E - 3 potions of agility
 F - a potion of haste
 S - a potion of magic
Comestibles
 f - 17 bread rations
 n - 12 royal jellies
 G - 9 meat rations


   Skills:
 + Level 16.2(15.2) Fighting
 - Level 19.2(18.2) Axes
   Level 2.1(12.3) Maces & Flails
 - Level 4.0(3.2) Throwing
 - Level 11.2(10.4) Armour
 - Level 11.1(10.3) Dodging
 - Level 0.7(0.0) Stealth
 - Level 15.1(14.2) Shields
 + Level 14.7(13.8) Invocations


You had 6 spell levels left.
You knew the following spells:

 Your Spells              Type           Power        Failure   Level  Hunger
a - Deflect Missiles      Chrm/Air       #.........   100%        6    #######
b - Silence               Hex/Air        #.........   100%        5    ######.


Dungeon Overview and Level Annotations

Branches:
Dungeon (15/15)            Temple (1/1) D:7            Lair (6/6) D:10
  Swamp (4/4) Lair:4        Snake (0/4) Lair:4        Slime (0/5) Lair:6
    Orc (2/2) D:9             Elf (0/3) Orc:2        Vaults (0/5) D:13
 Depths (0/5) D:15

Altars:
Ashenzari
Cheibriados
Dithmenos
Elyvilon
Fedhas
Gozag
Hepliaklqana
Kikubaaqudgha
Makhleb
Nemelex Xobeh
Okawaru
Qazlal
Ru
Sif Muna
Trog
Uskayaw
Vehumet
Wu Jian
Xom
Yredelemnul
Zin
The Shining One
Beogh
Jiyva

Shops:
D:12 *   Orc:1 :   Orc:2 [:(*

Portals:
Hell: Lair:6

Annotations:
D:3 1 runed door, Grinder
D:13 3 runed doors
Lair:1 exclusion: 4 oklob plants
Lair:5 exclusion: 4 oklob plants
Lair:6 1 runed door
Swamp:4 Louise


Innate Abilities, Weirdness & Mutations

You reflexively headbutt those who attack you in melee.
You have a pair of horns on your head.
You tend to lose your temper in combat.
You have an increased reservoir of magic. (+10% MP)
[You are very clumsy. (Dex -4)]
[Armour fits poorly on your strangely shaped body.]
[Your body often deteriorates upon taking damage.]
[You are very dopey. (Int -4)]
[You are very frail. (-20% HP)]
[Your magical capacity is extremely low. (-30% MP)]
[You sometimes yell uncontrollably at your foes.]
[You do not regenerate when monsters are visible.]
[You are sometimes teleported next to monsters.]
[You are very weak. (Str -4)]
[Potions cannot restore your health.]
[You expend magic power (3 MP) to strengthen your wands.]


Message History

The lich is moderately damaged.
The freezing wraith completely misses you.
You furiously retaliate!
You headbutt the freezing wraith!
The freezing wraith hits you but does no damage.
Something hits you but does no damage.
The lich points at you and mumbles some strange words.
You struggle to resist.
A starcursed mass splits.
You block the large abomination's attack.
The lich casts a spell at you. The bolt of negative energy hits you!
You feel drained.
* * * LOW HITPOINT WARNING * * *
Something hits you but does no damage.
Unknown command.
Okay, then.
Okay, then.
You hit the lich but do no damage.
You headbutt the lich, but do no damage.
The lich is moderately damaged.
Something hits you.
You die...

. # # . . . .
.. . ## . # #
....#.. .####
#.# . #ยง#
#.## #. #. ##
##.#W# ####.
## .. .
#WX##W#..##..
. .
#5W@{#.###
#### .#.
###L#.## #
.z##.#


#Xz ### #X. #.# .## ...# You could see 2 starcursed masses, a lich, a large
abomination, a phantasmal warrior, 2 freezing wraiths, a wraith, 2 flying skulls
and an iron imp.

Vanquished Creatures
  Saint Roka (Orc:2)
  A tentacled starspawn (Abyss:3)
  A storm dragon (D:13)
  Kirke (D:12)
  Aizul (Swamp:2)
  A deep elf annihilator (D:13)
  Snorg (Orc:1)
  An ettin (D:13)
  A dire elephant (Lair:6)
  2 fire dragons
  A yaktaur captain (D:7)
  Josephine (D:10)
  4 vault guards (D:13)
  Harold (Lair:3)
  A hell beast (Lair:6)
  2 rakshasas (D:15)
  19 hydras
  A death knight (D:12)
  4 ghost crabs
  5 centaur warriors
  Erica (D:11)
  2 catoblepae
  7 alligators
  7 two-headed ogres
  A vampire mage (D:15)
  A tengu warrior (D:14)
  3 death yaks (Lair:6)
  2 orc high priests
  The ghost of krupnik1 the Covert, a journeyman VSAs of Dithmenos (D:10)
  Urug (Lair:2)
  A thrashing horror (Abyss:3)
  2 wretched stars (Abyss:3)
  2 skeletal warriors (D:15)
  A sixfirhy (Abyss:3)
  2 fire crabs
  2 wizards
  3 unseen horrors
  2 spriggan druids
  10 swamp dragons
  A deep elf archer (D:13)
  3 large abominations (Abyss:3)
  A necromancer (D:15)
  2 shambling mangroves
  6 orc knights
  9 orc sorcerers
  29 ugly things
  A frost giant zombie (D:15)
  5 cyclopes
  A manticore (D:11)
  Maurice (D:8)
  9 black mambas
  4 elephants
  Psyche (D:10)
  3 centaur skeletons
  An elf zombie (D:15)
  2 orange demons (Lair:6)
  15 spiny frogs
  2 ice devils (Lair:6)
  11 komodo dragons
  2 hellwings
  7 rime drakes
  An efreet (D:13)
  A yaktaur skeleton (D:15)
  A red devil (Lair:6)
  4 trolls
  2 polar bears (Lair:3)
  A polar bear (shapeshifter) (D:13)
  2 tyrant leeches
  4 hornets
  15 blink frogs
  An ettin zombie (D:15)
  34 slime creatures
  9 bog bodies
  16 hippogriffs
  7 dream sheep
  3 shadows
  13 wyverns
  52 yaks
  3 wraiths (D:10)
  2 hungry ghosts
  9 hogs
  3 fire elementals (Lair:3)
  19 vampire mosquitoes
  4 chaos spawn
  8 basilisks
  A human (D:7)
  A steam dragon (D:11)
  Edmund (D:6)
  A neqoxec (Abyss:3)
  18 swamp worms
  4 nagas (Lair:4)
  4 wargs
  6 insubstantial wisps (Swamp:3)
  13 water moccasins
  11 porcupines
  Purgy (Sewer)
  7 hell hounds
  Duvessa (D:4)
  9 swamp drakes
  A necrophage (D:10)
  3 eyes of draining
  29 orc warriors
  6 phantoms
  3 sky beasts
  The ghost of Horrz the Skirmisher, an amateur HOMo (Sewer)
  A black bear (D:10)
  7 ice beasts
  12 ogres
  6 wolves (Lair:3)
  A wolf (shapeshifter) (Abyss:3)
  10 centaurs
  16 crocodiles
  A big kobold (D:9)
  A gnoll sergeant (D:9)
  20 bullfrogs
  A small abomination (Abyss:3)
  Dowan (D:4)
  A wyvern skeleton (D:14)
  A scorpion (D:5)
  A hornet simulacrum (D:15)
  10 killer bees
  A howler monkey (D:14)
  An electric eel (D:7)
  17 crimson imps
  5 centaur zombies
  2 bullfrog zombies
  A bullfrog skeleton (D:10)
  9 hounds
  33 orc wizards
  25 orc priests
  4 jellies
  6 iguanas
  11 worker ants
  Natasha (thrice) (D:2)
  2 howler monkey zombies (D:5)
  2 worker ant zombies
  11 gnolls
  8 adders
  A shadow imp (D:5)
  12 white imps (Lair:1)
  2 ufetubi (Abyss:3)
  2 oozes (D:2)
  2 adder zombies (D:9)
  2 worms
  2 dart slugs
  13 leopard geckos
  113 orcs
  11 bats
  8 giant cockroaches
  7 goblins
  7 hobgoblins
  12 jackals
  7 quokkas
  A ball python (D:2)
  3 frilled lizards
  A jackal zombie (D:5)
  5 kobolds
  A leopard gecko skeleton (D:6)
  A leopard gecko zombie (D:8)
  7 rats
  A butterfly (Lair:4)
  3 fungi
  A plant (D:10)
  2 starspawn tentacles (Abyss:3)
1010 creatures vanquished.

Vanquished Creatures (collateral kills)
  Jorgrun (Swamp:2)
  Rupert (Lair:5)
  A yaktaur captain (D:13)
  A hydra (Lair:5)
  A two-headed ogre (D:13)
  3 death yaks (Lair:6)
  Nergalle (Orc:1)
  2 swamp dragons (Swamp:4)
  An orc knight (Orc:2)
  2 orc sorcerers (Orc:2)
  A torpor snail (Lair:5)
  A centaur skeleton (D:14)
  2 rime drakes (Lair:6)
  3 meliai (D:13)
  A bog body (Swamp:2)
  A slime creature (D:13)
  A dream sheep (Lair:5)
  A wyvern (Lair:4)
  2 basilisks (Lair:4)
  A swamp worm (Swamp:1)
  A porcupine (Lair:5)
  A swamp drake (Swamp:2)
  A phantom (D:14)
  2 howler monkeys (D:14)
  A wyvern simulacrum (D:14)
  An orc priest (D:12)
  3 orc wizards
  6 orcs
44 creatures vanquished.

Vanquished Creatures (others)
  A tyrant leech (Swamp:1)
  2 hornets (Swamp:3)
  A swamp worm (Swamp:2)
  An orc warrior (D:13)
  An orc priest (Orc:2)
  13 fungi
  6 plants (Lair:6)
  2 starspawn tentacles (Abyss:3)
27 creatures vanquished.

Grand Total: 1081 creatures vanquished

Notes
Turn   | Place    | Note
-------+----------+-------------------------------------------
     0 | D:1      | GordonOverkill the Minotaur Hunter began the quest for the Orb.
     0 | D:1      | Reached XP level 1. HP: 18/18 MP: 0/0
   183 | D:1      | Reached XP level 2. HP: 26/26 MP: 1/1
   642 | D:1      | Reached XP level 3. HP: 22/34 MP: 2/2
  1137 | D:2      | Noticed Natasha
  1145 | D:2      | Killed Natasha
  1145 | D:2      | Reached skill level 5 in Fighting
  1145 | D:2      | Reached XP level 4. HP: 35/42 MP: 3/3
  1235 | D:2      | Noticed Natasha
  1247 | D:2      | Killed Natasha
  1394 | D:2      | Found a white marble altar of Elyvilon.
  1507 | D:2      | Found a hazy altar of Hepliaklqana.
  1548 | D:2      | Noticed Natasha
  1558 | D:2      | Gained mutation: You evolve. [potion of mutation]
  1558 | D:2      | Gained mutation: You are agile. (Dex +2) [potion of mutation]
  1558 | D:2      | Gained mutation: [Potions are less effective at restoring your health.] [potion of mutation]
  1558 | D:2      | Gained mutation: You have an increased reservoir of magic. (+10% MP) [potion of mutation]
  1563 | D:2      | Killed Natasha
  1563 | D:2      | Reached skill level 1 in Maces & Flails
  1563 | D:2      | Reached skill level 1 in Shields
  1563 | D:2      | Reached XP level 5. HP: 16/50 MP: 4/4
  1927 | D:2      | Found a deep blue altar of Sif Muna.
  1983 | D:3      | Noticed Grinder
  2389 | D:3      | Lost mutation: You are agile. (Dex +2) [evolution]
  2389 | D:3      | Lost mutation: You evolve. [end of evolution]
  2817 | D:3      | Found a runed door.
  2960 | D:4      | Reached skill level 1 in Axes
  3045 | D:4      | Found a glowing drain.
  3068 | Sewer    | Entered a sewer
  3068 | Sewer    | Noticed Horrz's ghost (amateur HOMo)
  3075 | Sewer    | Killed Horrz's ghost
  3075 | Sewer    | Reached skill level 2 in Axes
  3075 | Sewer    | Reached XP level 6. HP: 52/57 MP: 5/5
  3105 | Sewer    | Noticed Purgy
  3112 | Sewer    | Killed Purgy
  3112 | Sewer    | Reached skill level 3 in Axes
  3337 | D:3      | Reached skill level 4 in Axes
  3337 | D:3      | Reached XP level 7. HP: 5/63 MP: 6/6
  3337 | D:3      | HP: 2/94 [orc/flail (3)]
  3729 | D:4      | Reached skill level 5 in Shields
  3921 | D:4      | Noticed Dowan
  4148 | D:4      | Noticed Duvessa
  4166 | D:4      | Killed Duvessa
  4166 | D:4      | Reached skill level 5 in Axes
  4190 | D:4      | Killed Dowan
  4666 | D:5      | Entered Level 5 of the Dungeon
  4740 | D:4      | Reached skill level 6 in Axes
  4930 | D:5      | Reached skill level 7 in Axes
  4930 | D:5      | Reached XP level 8. HP: 50/70 MP: 7/7
  5131 | D:5      | Found an opulent altar of Gozag.
  5199 | D:5      | Reached skill level 8 in Axes
  5634 | D:6      | Reached skill level 9 in Axes
  5881 | D:6      | Reached skill level 10 in Axes
  6102 | D:6      | Noticed Edmund
  6127 | D:6      | Killed Edmund
  6127 | D:6      | Reached skill level 1 in Armour
  6346 | D:6      | Reached XP level 9. HP: 75/75 MP: 8/8
  6613 | D:7      | Found a staircase to the Ecumenical Temple.
  6660 | Temple   | Entered the Ecumenical Temple
  6829 | Temple   | Became a worshipper of Makhleb the Destroyer
  7038 | D:7      | Reached skill level 11 in Axes
  7190 | D:7      | Reached skill level 12 in Axes
  7549 | D:7      | Reached skill level 5 in Armour
  8369 | D:8      | Noticed a two-headed ogre
  8596 | D:7      | Killed a two-headed ogre
  8596 | D:7      | Reached skill level 13 in Axes
  8596 | D:7      | Reached XP level 10. HP: 58/83 MP: 10/10
  8796 | D:8      | Noticed Maurice
  8807 | D:8      | Reached * piety under Makhleb
  9138 | D:8      | Noticed a two-headed ogre
  9149 | D:8      | Killed a two-headed ogre
  9580 | D:8      | Killed Maurice
  9580 | D:8      | Reached skill level 14 in Axes
 10036 | D:8      | Noticed a yaktaur captain
 10229 | D:7      | Killed a yaktaur captain
 10699 | D:9      | Reached ** piety under Makhleb
 10706 | D:9      | Reached skill level 15 in Axes
 10801 | D:9      | Found an iron altar of Okawaru.
 10829 | D:9      | Reached XP level 11. HP: 89/89 MP: 11/11
 10919 | D:9      | Found a staircase to the Orcish Mines.
 10989 | D:9      | Reached *** piety under Makhleb
 11295 | D:9      | Found a sparkling altar of Nemelex Xobeh.
 11295 | D:9      | Found a sacrificial altar of Ru.
 11296 | D:9      | Found an ornate altar of the Wu Jian Council.
 11532 | D:10     | Entered Level 10 of the Dungeon
 11532 | D:10     | Noticed a two-headed ogre
 11536 | D:10     | Noticed krupnik1's ghost (journeyman VSAs)
 11543 | D:10     | Killed a two-headed ogre
 11559 | D:10     | Killed krupnik1's ghost
 11559 | D:10     | Reached **** piety under Makhleb
 11559 | D:10     | Reached skill level 16 in Axes
 11830 | D:10     | Reached skill level 10 in Armour
 12217 | D:10     | Noticed Psyche
 12450 | D:10     | Killed Psyche
 12504 | D:10     | Noticed Josephine
 12517 | D:10     | Killed Josephine
 12517 | D:10     | Reached skill level 17 in Axes
 12557 | D:10     | Noticed a two-headed ogre
 12592 | D:9      | Killed a two-headed ogre
 12592 | D:9      | Reached XP level 12. HP: 90/96 MP: 12/12
 12770 | D:10     | Found a bloodstained altar of Trog.
 12804 | D:10     | Reached XP level 13. HP: 102/102 MP: 20/20
 12819 | D:10     | Found a staircase to the Lair.
 13162 | D:11     | Noticed Erica
 13185 | D:11     | Killed Erica
 13221 | D:11     | Reached ***** piety under Makhleb
 13617 | D:11     | Reached skill level 18 in Axes
 14288 | D:12     | Found Tiocab's Assorted Antiques.
 14553 | D:12     | Bought a scroll labeled BISKEHEU SAEWEOLAL for 26 gold pieces
 14553 | D:12     | Bought a scroll of enchant armour for 195 gold pieces
 14553 | D:12     | Bought a murky blue potion for 23 gold pieces
 14978 | D:12     | Noticed Kirke
 15978 | D:12     | Reached skill level 19 in Axes
 16448 | D:12     | Killed Kirke
 16787 | Lair:1   | Entered Level 1 of the Lair of Beasts
 16883 | Lair:1   | Reached skill level 10 in Fighting
 17081 | Lair:1   | Reached XP level 14. HP: 122/122 MP: 21/21
 17251 | Lair:1   | Found a frozen archway.
 17675 | Lair:2   | Noticed Urug
 17690 | Lair:2   | Killed Urug
 17741 | Lair:2   | Reached ****** piety under Makhleb
 17815 | Lair:2   | Found a bloodstained altar of Trog.
 18888 | Lair:3   | Noticed Harold
 18921 | Lair:3   | Killed Harold
 19033 | Lair:3   | Found a transporter.
 19152 | Lair:3   | Found a transporter.
 19369 | Lair:3   | Reached skill level 5 in Dodging
 19693 | Lair:4   | Found a staircase to the Swamp.
 19905 | Lair:4   | Found a staircase to the Snake Pit.
 20210 | Lair:4   | Reached skill level 10 in Invocations
 20210 | Lair:4   | Reached XP level 15. HP: 135/135 MP: 23/23
 20527 | Lair:5   | Noticed Rupert
 20534 | Lair:5   | Paralysed by Rupert for 4 turns
 20545 | Lair:5   | Killed Rupert
 21808 | Lair:6   | Entered Level 6 of the Lair of Beasts
 21875 | Lair:6   | Reached skill level 10 in Dodging
 22324 | Lair:6   | Reached XP level 16. HP: 127/143 MP: 20/25
 22346 | Lair:6   | Found a runed door.
 22346 | Lair:6   | Found a viscous altar of Jiyva.
 22346 | Lair:6   | Found a staircase to the Slime Pits.
 22380 | Lair:6   | Got a smoking battleaxe
 22382 | Lair:6   | Identified the +2 battleaxe "Gijuku" {chop, Dex+7} (You found it on level 6 of the Lair of Beasts)
 23441 | Lair:6   | Found a burning altar of Makhleb.
 23566 | Lair:6   | Found a gateway to Hell.
 24343 | D:13     | Found a runed gate.
 24343 | D:13     | Found a runed gate.
 24343 | D:13     | Found a runed gate.
 24397 | D:13     | Found the +0 Maxwell's etheric cage {RegenMP+ *Contam rElec MP+4}
 24398 | D:13     | Noticed a storm dragon
 24745 | D:13     | Found a gate to the Vaults.
 25605 | D:13     | Found a runed gate.
 25605 | D:13     | Found a runed gate.
 25605 | D:13     | Found a runed gate.
 25628 | D:13     | Killed a storm dragon
 25664 | D:13     | Got a smoking crystal plate armour
 25675 | D:13     | Identified the +6 crystal plate armour of Death's Door {Str+3} (You took it off an orc on level 13 of the Dungeon)
 25690 | D:13     | Got a pitted amber ring
 25691 | D:13     | Identified the ring of Accord {+Inv rN+ MR+++ Str-4 Dex+2} (You took it off a deep elf annihilator on level 13 of the Dungeon)
 26625 | D:14     | Reached skill level 10 in Shields
 26744 | D:15     | Entered Level 15 of the Dungeon
 26837 | D:14     | Reached XP level 17. HP: 152/152 MP: 25/28
 26899 | D:15     | Found a staircase to the Depths.
 27777 | D:15     | Found a shimmering altar of Xom.
 27778 | D:15     | Found the +4 mace of Variability {chaos}
 28012 | Orc:1    | Entered Level 1 of the Orcish Mines
 28153 | Orc:1    | Paralysed by an orc sorcerer for 5 turns
 28412 | Orc:1    | Found an iron altar of Okawaru.
 28421 | Orc:1    | Noticed Snorg
 28436 | Orc:1    | Killed Snorg
 28554 | Orc:1    | Noticed Nergalle
 28580 | Orc:1    | Killed Nergalle
 28801 | Orc:2    | Entered Level 2 of the Orcish Mines
 29188 | Orc:2    | Found a staircase to the Elven Halls.
 29282 | Orc:2    | Noticed Saint Roka
 29650 | Orc:2    | Paralysed by an orc sorcerer for 7 turns
 29987 | Orc:2    | Found a roughly hewn altar of Beogh.
 30238 | Orc:2    | Found Herrife's Antique Weapon Shoppe.
 30253 | Orc:2    | Killed Saint Roka
 30253 | Orc:2    | Reached skill level 15 in Shields
 30326 | Orc:2    | Found Senitine's Antique Armour Shoppe.
 30444 | Orc:2    | Found Daudilep's Book Shoppe.
 30459 | Orc:2    | Found Urenaac's General Store.
 30466 | Orc:2    | Bought a scroll of summoning for 133 gold pieces
 30466 | Orc:2    | Bought a scroll of enchant armour for 105 gold pieces
 30466 | Orc:2    | Bought a potion of agility for 56 gold pieces
 30514 | Orc:1    | Found Qonutops's Book Emporium.
 30755 | Swamp:1  | Entered Level 1 of the Swamp
 33015 | Swamp:2  | Noticed Jorgrun
 33027 | Swamp:2  | Killed Jorgrun
 33165 | Swamp:2  | Noticed Aizul
 33185 | Swamp:2  | Killed Aizul
 33674 | Swamp:3  | Reached skill level 15 in Fighting
 34373 | Swamp:3  | Learned a level 6 spell: Deflect Missiles
 34379 | Swamp:3  | Learned a level 5 spell: Silence
 34420 | Swamp:4  | Entered Level 4 of the Swamp
 34448 | Swamp:4  | Reached XP level 18. HP: 163/163 MP: 30/30
 35227 | Swamp:4  | Noticed Louise
 35228 | Swamp:4  | Cast into level 3 of the Abyss (Louise)
 35383 | Abyss:3  | Gained mutation: You tend to lose your temper in combat. [a neqoxec]
 35511 | Abyss:3  | Noticed a lich
 35531 | Abyss:3  | HP: 1/132 [lich/bolt of negative energy (44)]
 35532 | Abyss:3  | Slain by a shadow wraith

Vault maps used:
D:1:      roderic_dead_forest
D:2:      marbit_many_paths, lemuel_blue_sif_altar, elyvilon_altar_3,
          first_bread, uniq_natasha
D:3:      uniq_crazy_yiuf_cottage, uniq_grinder
D:4:      serial_bayou, serial_bayou_ford_a, serial_bayou_crossing,
          serial_bayou_shore_b, serial_bayou_shore_b, serial_bayou_lagoon_b,
          serial_bayou_pond_a, gup_sewer_entry_pipe, uniq_duvessa
D:5:      grunt_gozag_statues
D:6:      uniq_edmund
D:7:      minmay_temple_entry_statues_pillars, minmay_statues_item,
          minmay_strange_pillars, hangedman_decor_opposing, grunt_livestock,
          minivault_11, minivault_4
D:8:      kennysheep_island_fort, uniq_maurice
D:9:      lemuel_round_altar, gammafunk_temple_overflow_claw, david_orc_3
D:10:     due_lair_maze_entry_diamond, basic_altar, uniq_psyche, uniq_josephine
D:11:     kennysheep_generic_room_11, uniq_erica
D:12:     serial_shops, nicolae_shop_temple_entry_statues_fountains,
          serial_aquarium, aquarium_bridge_straight, aquarium_window_fake,
          aquarium_window_fake, aquarium_view_2d, aquarium_view_2d,
          nicolae_two_hexagons, uniq_kirke
D:13:     kennysheep_treasure_stockpile, lightli_vaults_fourway_checkpoint,
          lightli_minifort
D:15:     gammafunk_depths_entry_grave, hangedman_abyss_or_decor_clamps,
          minmay_guarded_unrand_variability
Temple:   bh_familiar_temple
Lair:1:   portal_ice_cave_entry_imps, lab_entry_generic,
          minmay_stone_trees_small, minmay_lair_oklob_chamber,
          grunt_megastairs_2
Lair:2:   basic_altar, uniq_urug
Lair:3:   gammafunk_cloud_chamber, grunt_megastairs_3, uniq_harold
Lair:4:   swamp_mist_pool, minmay_snake_entry_guardpost_small,
          lemuel_fruit_fields
Lair:5:   dpeg_oklob_gauntlet, grunt_megastairs_1, uniq_rupert
Lair:6:   evil_forest, slime_altar_2, minmay_lair_drake_nest,
          serial_bayou_shore_b, serial_bayou_shore_b, grunt_megastairs_4,
          infiniplex_staircase_pool_2
Swamp:1:  evilmike_swamp_ruin_wall
Swamp:2:  evilmike_swamp_ruin_rubble_1, uniq_aizul, uniq_jorgrun
Swamp:3:  evilmike_swamp_ruin_house_2
Swamp:4:  swamp, uniq_louise
Orc:1:    serial_shops, nicolae_shop_waterfront, okawaru_metal_pillars_3,
          uniq_nergalle, uniq_snorg
Orc:2:    grunt_orc_cross, mines4_lemuel
Abyss:3:  evilmike_abyss_rune_elephants_shrine
Sewer:    sewer_big_baddie

Skill      XL: |  1  2  3  4  5  6  7  8  9 10 11 12 13 14 15 16 17 18 |
---------------+-------------------------------------------------------+-----
Fighting       | 3 4 5 6 10 13 14 15 16 | 16.2
Maces & Flails | 1 2 |  2.1
Shields        | 1 3 4 6 11 15 | 15.1
Axes           | 2 4 7 10 13 15 17 19 | 19.2
Armour         | 2 6 8 11 | 11.2
Invocations    | 8 10 13 14 | 14.7
Dodging        | 8 11 | 11.1
Throwing       | |  4.0
Stealth        | |  0.7

Action                   |  1- 3 |  4- 6 |  7- 9 | 10-12 | 13-15 | 16-18 || total
-------------------------+-------+-------+-------+-------+-------+-------++-------
Melee: Whip              |    86 |    85 |       |       |       |       ||   171
       Headbutt          |    10 |    27 |    78 |    97 |   260 |   512 ||   984
       Short sword       |     1 |       |       |       |       |       ||     1
       Hand axe          |       |    62 |   222 |       |       |   563 ||   847
       Flail             |       |    18 |       |       |       |       ||    18
       War axe           |       |       |   173 |   501 |  1044 |   702 ||  2420
       Scimitar          |       |       |       |       |    49 |   169 ||   218
       Unarmed           |       |       |       |       |    12 |       ||    12
       Broad axe         |       |       |       |       |       |   241 ||   241
Throw: Throwing net      |       |     2 |     2 |     1 |       |       ||     5
Invok: Lesser Servant of |       |       |       |       |    10 |    21 ||    31
       Major Destruction |       |       |       |       |     2 |       ||     2
       Greater Servant o |       |       |       |       |       |     9 ||     9
       Minor Destruction |       |       |       |       |       |     4 ||     4
Evoke: Wand              |       |       |     1 |     4 |       |       ||     5
  Use: Potion            |       |     5 |     6 |     3 |     3 |     4 ||    21
       Scroll            |       |       |     3 |    13 |    12 |    28 ||    56
 Stab: Invisible         |       |       |     3 |       |       |       ||     3
       Held in net/web   |       |       |     1 |       |       |       ||     1
       Sleeping          |       |       |       |     1 |       |       ||     1
       Distracted        |       |       |       |       |     3 |    11 ||    14
       Petrified         |       |       |       |       |       |    21 ||    21
       Petrifying        |       |       |       |       |       |     2 ||     2
  Eat: Chunk             |       |     8 |    16 |    14 |    24 |    37 ||    99
       Fruit             |       |       |     1 |       |     9 |       ||    10
       Bread ration      |       |       |     1 |       |       |       ||     1
       Meat ration       |       |       |       |       |       |     1 ||     1
Armor: Leather armour    |    16 |       |       |       |       |       ||    16
       Ring mail         |    21 |    29 |       |       |       |       ||    50
       Scale mail        |       |    53 |    79 |       |       |       ||   132
       Chain mail        |       |       |    83 |    29 |       |       ||   112
       Plate armour      |       |       |       |   234 |   726 |   623 ||  1583
       Crystal plate arm |       |       |       |       |       |   356 ||   356
Dodge: Dodged            |    51 |   107 |   108 |   127 |   390 |   672 ||  1455
Block: Buckler           |       |    29 |    71 |   109 |   251 |    95 ||   555
       Shield            |       |       |       |       |       |   854 ||   854
       Rpst.: Scimitar   |       |       |       |       |     2 |    31 ||    33

Table legend:
 A = Spawn XP
 B = Non-spawn XP
 C = Spawn XP percentage of total XP
 D = Spawn monster count
 E = Non-spawn monster count
 F = Spawn count percentage of total count
 G = Total turns spent on level
                    A         B        C        D         E        F      G
               +---------+---------+-------+---------+---------+-------+---------
         Total |    5146 |  245268 |   2.1 |      10 |    1041 |   1.0 | 35532
               +---------+---------+-------+---------+---------+-------+---------
           D:1 |       0 |      47 |   0.0 |       0 |      19 |   0.0 |   759
           D:2 |       0 |     163 |   0.0 |       0 |      20 |   0.0 |  1339
           D:3 |       0 |      93 |   0.0 |       0 |      18 |   0.0 |  1172
           D:4 |       0 |     737 |   0.0 |       0 |      24 |   0.0 |  1429
           D:5 |       0 |     711 |   0.0 |       0 |      25 |   0.0 |   750
           D:6 |       0 |     926 |   0.0 |       0 |      21 |   0.0 |   995
           D:7 |       0 |    3959 |   0.0 |       0 |      28 |   0.0 |  2397
           D:8 |       0 |    2640 |   0.0 |       0 |      33 |   0.0 |  1372
           D:9 |       0 |    5765 |   0.0 |       0 |      86 |   0.0 |  1559
          D:10 |       0 |    7989 |   0.0 |       0 |      45 |   0.0 |  1145
          D:11 |       0 |    9287 |   0.0 |       0 |      42 |   0.0 |  2005
          D:12 |       0 |    9977 |   0.0 |       0 |      57 |   0.0 |  1837
          D:13 |       0 |   24706 |   0.0 |       0 |      70 |   0.0 |  1793
          D:14 |       0 |   22299 |   0.0 |       0 |      52 |   0.0 |  1053
          D:15 |       0 |   16032 |   0.0 |       0 |      35 |   0.0 |  1089
        Lair:1 |       0 |    7397 |   0.0 |       0 |      40 |   0.0 |   985
        Lair:2 |       0 |    8858 |   0.0 |       0 |      32 |   0.0 |  1029
        Lair:3 |       0 |    5720 |   0.0 |       0 |      25 |   0.0 |  1041
        Lair:4 |       0 |    9188 |   0.0 |       0 |      37 |   0.0 |  1196
        Lair:5 |       0 |    7336 |   0.0 |       0 |      16 |   0.0 |  1607
        Lair:6 |       0 |   25002 |   0.0 |       0 |      69 |   0.0 |  1731
       Swamp:1 |       0 |    6822 |   0.0 |       0 |      23 |   0.0 |  1483
       Swamp:2 |       0 |   18188 |   0.0 |       0 |      36 |   0.0 |  1141
       Swamp:3 |       0 |   15508 |   0.0 |       0 |      42 |   0.0 |   934
       Swamp:4 |       0 |   11999 |   0.0 |       0 |      31 |   0.0 |   451
         Orc:1 |       0 |    8751 |   0.0 |       0 |      34 |   0.0 |   996
         Orc:2 |       0 |   12229 |   0.0 |       0 |      69 |   0.0 |  1579
       Abyss:3 |    5146 |    2664 |  65.9 |      10 |       5 |  66.7 |   304
         Sewer |       0 |     275 |   0.0 |       0 |       7 |   0.0 |   167
               +---------+---------+-------+---------+---------+-------+---------
